Map: Honorgrounds LE

Players

Ameroth - Winner!

  • Race: Terran Terran
  • Spawn Location: 7:00

A.I. 1 (Very Hard)

  • Race: Protoss Protoss
  • Spawn Location: 5:00

VOD

Have the link to the VOD?

Description

Bronze friendly build order

Time

  • Played on: March 17, 2017, 12:47 p.m.
  • Length: 14:19
Show
View Real Time Build Order
Export as new Build Order

Ameroth Terran - Winner!

Build Orders: 1/1/1, Liberator Opening, MMM Bio 

Get SALT Encoding   

  12  0:02  SCV  
  13  0:14  SCV  
  13  0:18  Supply Depot  
  14  0:27  SCV  
  15  0:29  Refinery  
  15  0:40  SCV  
  16  0:48  Barracks  
  16  0:53  SCV  
  17  1:05  SCV  
  18  1:17  SCV  
  19  1:36  Orbital Command  
  19  1:40  Factory  
  19  1:41  Marine  
  19  1:47  Refinery  
  21  2:01  Supply Depot  
  21  2:02  Barracks Tech Lab  
  21  2:05  SCV  
  21  2:20  SCV  
  22  2:25  Starport  
  22  2:29  Widow Mine  
  24  2:30  Marine  
  24  2:33  SCV  
  26  2:37  Supply Depot  
  26  2:45  SCV  
  26  2:48  Marine  
  28  2:59  Command Center  
  28  3:04  Factory Tech Lab  
  28  3:08  Medivac  
  28  3:10  Marine  
  32  3:12  SCV  
  32  3:20  Supply Depot  
  32  3:25  SCV  
  33  3:27  Liberator  
  33  3:31  Siege Tank  
  33  3:33  Marine  
  37  3:39  SCV  
  41  3:53  Marine  
  42  3:56  Stimpack  
  42  4:05  Supply Depot  
  42  4:14  Orbital Command  
  42  4:16  SCV  
  43  4:19  Marauder  
  45  4:24  Barracks  
  45  4:28  SCV  
  46  4:40  Siege Tank  
  46  4:41  Starport Reactor  
  46  4:42  SCV x2  
  51  4:47  Refinery  
  51  4:51  Marauder  
  53  4:54  SCV x2  
  53  4:57  Supply Depot  
  55  5:06  SCV x2  
  57  5:14  Barracks Reactor  
  57  5:18  SCV, Medivac x2  
  57  5:19  SCV  
  63  5:22  Engineering Bay  
  63  5:30  Armory, Marine  
  64  5:37  SCV  
  64  5:39  SCV  
  64  5:40  Refinery  
  66  5:45  Supply Depot  
  66  5:49  SCV  
  67  5:51  Medivac  
  67  5:52  Barracks  
  69  6:01  SCV  
  69  6:02  SCV  
  71  6:07  Marine x2  
  71  6:10  Marauder  
  75  6:12  Siege Tank  
  75  6:13  Medivac  
  75  6:15  SCV  
  75  6:16  SCV  
  82  6:19  Terran Infantry Weapons Level 1  
  82  6:23  Supply Depot  
  82  6:37  SCV x2, Marine x2  
  86  6:45  Siege Tank, Marauder  
  86  6:46  Supply Depot  
  91  7:04  SCV x2  
  91  7:07  Marine x2  
  95  7:09  Barracks Tech Lab  
  95  7:17  Factory, Terran Vehicle Weapons Level 1  
  95  7:18  Thor  
  101  7:30  Missile Turret  
  101  7:34  Supply Depot, Marine  
  102  7:38  Combat Shields, Liberator  
  102  7:55  Marine  
  102  7:56  Missile Turret, Marauder x2  
  110  8:18  Liberator  
  110  8:19  Command Center  
  110  8:20  Missile Turret  
  110  8:21  Liberator  
  110  8:31  Supply Depot  
  110  8:34  Thor  
  110  8:35  Terran Infantry Armor Level 1  
  110  8:38  Factory Tech Lab  
  122  8:46  Missile Turret  
  122  8:49  SCV x2  
  124  8:57  Marine x2, Marauder x2  
  124  9:01  SCV  
  131  9:13  Liberator  
  131  9:18  Medivac  
  133  9:28  Supply Depot  
  133  9:30  SCV x2  
  138  9:33  Orbital Command  
  138  9:39  Thor  
  138  9:40  Refinery  
  138  9:42  SCV  
  145  9:51  Supply Depot  
  143  10:00  SCV x3  
  143  10:01  Marine x2  
  143  10:02  Marauder x2  
  143  10:04  Thor  
  152  10:12  SCV x2  
  152  10:13  Supply Depot  
  142  10:17  SCV  
  142  10:18  Marine  
  131  10:23  Marauder  
  131  10:24  SCV x2, Marine x2  
  131  10:26  Medivac  
  131  10:27  Medivac  
  141  10:36  Marine  
  141  10:39  Liberator  
  144  10:43  Marauder  
  144  10:44  Marauder  
  146  10:51  SCV x3  
  146  10:54  Refinery, Marine  
  146  10:56  Terran Vehicle And Ship Armor Level 1  
  153  10:57  Terran Infantry Weapons Level 2  
  153  11:03  SCV, Supply Depot  
  156  11:04  Marauder  
  156  11:21  Reaper  
  156  11:22  Marine, Marauder  
  156  11:25  Thor x2, Marine  
  173  11:36  Concussive Shells  
  173  11:43  Marauder  
  175  11:49  Marine x2  
  175  11:53  Marine  
  178  12:00  Supply Depot  
  178  12:05  Marauder  
  180  12:21  Thor, Command Center  
  180  12:22  Marauder  
  188  12:24  Supply Depot  
  188  12:26  Marauder  
  179  13:37  Refinery  
  179  13:39  Refinery  
  179  13:48  Orbital Command  
  179  13:50  SCV  
  179  13:51  SCV x2  
  181  14:03  SCV x2  
Show
View Real Time Build Order
Export as new Build Order

A.I. 1 (Very Hard) Protoss 

Build Orders: Blink Stalkers, Zealot Archon 

Get SALT Encoding   

  12  0:01  Probe (Chrono Boost)  
  13  0:11  Probe (Chrono Boost)  
  14  0:20  Pylon  
  14  0:22  Probe (Chrono Boost)  
  15  0:38  Probe (Chrono Boost)  
  16  0:47  Assimilator  
  16  0:49  Probe (Chrono Boost), Gateway  
  17  0:59  Probe (Chrono Boost)  
  17  1:02  Pylon  
  18  1:10  Probe (Chrono Boost)  
  19  1:21  Probe (Chrono Boost)  
  20  1:32  Probe (Chrono Boost)  
  21  1:34  Assimilator  
  21  1:36  Zealot  
  23  1:40  Cybernetics Core  
  23  1:43  Probe (Chrono Boost)  
  25  1:54  Probe (Chrono Boost)  
  25  2:05  Probe (Chrono Boost)  
  25  2:07  Pylon  
  26  2:14  Warp Gate  
  27  2:16  Stalker, Probe (Chrono Boost)  
  27  2:21  Twilight Council  
  29  2:31  Gateway  
  29  2:34  Probe (Chrono Boost)  
  30  2:44  Stalker  
  30  2:45  Probe (Chrono Boost)  
  33  2:52  Blink  
  33  3:04  Gateway  
  33  3:13  Stalker  
  33  3:18  Pylon  
  35  3:22  Stalker  
  38  3:27  Probe (Chrono Boost)  
  38  3:39  Probe (Chrono Boost)  
  39  3:42  Stalker  
  41  3:50  Stalker x2  
  45  3:58  Pylon  
  45  4:11  Stalker  
  45  4:15  Pylon  
  47  4:28  Stalker  
  47  4:29  Adept  
  51  4:43  Gateway  
  51  4:48  Zealot, Adept  
  51  4:50  Adept  
  57  5:07  Adept  
  57  5:08  Adept  
  57  5:10  Adept  
  63  5:15  Pylon  
  63  5:30  Forge  
  63  5:33  Adept  
  65  5:36  Adept  
  67  5:49  Templar Archives  
  67  6:05  Photon Cannon  
  67  6:09  Pylon  
  67  6:10  Photon Cannon  
  67  6:26  Sentry  
  67  6:28  Pylon, High Templar x2  
  73  6:35  Zealot, Archon  
  75  6:43  Nexus  
  75  6:52  High Templar  
  77  7:01  Pylon  
  77  7:20  High Templar  
  79  7:26  Archon  
  79  7:47  High Templar  
  81  7:56  Probe x2 (Chrono Boost)  
  83  8:01  Assimilator  
  83  8:05  Assimilator  
  83  8:07  Probe (Chrono Boost)  
  83  8:08  Probe (Chrono Boost)  
  85  8:18  Probe (Chrono Boost), High Templar  
  85  8:19  Probe (Chrono Boost)  
  89  8:24  Archon  
  89  8:29  Probe (Chrono Boost)  
  89  8:31  Probe (Chrono Boost)  
  91  8:37  High Templar  
  91  8:39  Nexus  
  91  8:40  Probe (Chrono Boost)  
  95  8:42  Probe (Chrono Boost)  
  95  8:45  Pylon  
  95  8:51  Probe (Chrono Boost), High Templar  
  95  8:53  Probe (Chrono Boost)  
  99  8:57  Archon  
  100  9:03  Probe (Chrono Boost)  
  100  9:05  Probe (Chrono Boost), High Templar  
  100  9:07  Pylon  
  103  9:19  High Templar  
  105  9:26  Archon  
  105  9:32  Robotics Facility  
  105  9:35  Forge  
  105  9:39  Pylon  
  105  9:44  Sentry  
  107  9:49  Stalker  
  107  9:52  Probe x2 (Chrono Boost)  
  109  9:53  Probe (Chrono Boost)  
  109  9:55  Stalker  
  105  10:00  Stalker, Assimilator  
  105  10:03  Probe x2 (Chrono Boost)  
  105  10:04  Probe (Chrono Boost)  
  105  10:06  Zealot  
  98  10:10  Zealot  
  80  10:15  Probe x3 (Chrono Boost)  
  80  10:17  High Templar  
  80  10:19  Observer  
  60  10:21  Zealot  
  60  10:26  Probe (Chrono Boost)  
  60  10:28  Probe x2 (Chrono Boost)  
  65  10:35  High Templar  
  67  10:37  Probe (Chrono Boost)  
  67  10:39  Probe x2 (Chrono Boost)  
  67  10:41  Archon  
  70  10:47  High Templar  
  70  10:48  Probe (Chrono Boost)  
  73  10:51  Probe x2 (Chrono Boost)  
  75  10:59  High Templar  
  75  11:00  Probe (Chrono Boost)  
  75  11:02  Probe (Chrono Boost)  
  75  11:03  Probe (Chrono Boost)  
  80  11:04  Stalker  
  80  11:05  Archon  
  83  11:11  Probe (Chrono Boost)  
  83  11:13  Probe (Chrono Boost), High Templar  
  83  11:15  Probe (Chrono Boost)  
  87  11:23  Probe (Chrono Boost)  
  87  11:25  Probe (Chrono Boost), High Templar  
  92  11:26  Probe (Chrono Boost)  
  92  11:28  Stalker  
  92  11:31  Stalker, Archon  
  96  11:34  Probe (Chrono Boost)  
  96  11:37  Probe x2 (Chrono Boost)  
  99  11:44  High Templar  
  99  11:45  Probe (Chrono Boost)  
  102  11:49  Probe (Chrono Boost)  
  102  11:50  Probe (Chrono Boost), Zealot  
  102  11:54  Zealot  
  108  11:55  Zealot  
  108  11:57  Probe (Chrono Boost)  
  108  12:00  Probe (Chrono Boost)  
  108  12:01  Probe (Chrono Boost)  
  114  12:08  Probe (Chrono Boost), Zealot  
  114  12:12  Sentry, Probe (Chrono Boost)  
  114  12:13  Probe (Chrono Boost)  
  114  12:14  Zealot, High Templar  
  124  12:19  Probe (Chrono Boost)  
  124  12:24  Probe (Chrono Boost)  
  124  12:27  Zealot  
  96  12:31  Probe (Chrono Boost)  
  96  12:33  Stalker  
  96  12:34  Sentry  
  52  12:45  Zealot  
  52  12:47  High Templar  
  56  12:54  High Templar  
  56  12:55  Adept  
  60  13:02  Probe x2 (Chrono Boost)  
  60  13:03  Adept  
  63  13:11  Archon  
  60  13:14  High Templar  
  60  13:17  Stalker  
  55  13:22  Zealot  
  55  13:24  Probe (Chrono Boost)  
  55  13:25  Sentry  
  44  13:29  Probe (Chrono Boost)  
  44  13:30  Templar Archives  
  44  13:36  Gateway  
  44  13:39  Adept  
  40  13:52  Pylon  
  37  13:57  Zealot  
  33  14:08  Cybernetics Core  
Tags
 
Add a new tag
Caveats
  • Supply blocks, unpowered buildings, or Contaminate may cause inaccurate times.
  • Supply counts are checked every 10 seconds.